 Dungeon Crawl Stone Soup version 0.29.1-12-g30fa7ad0bf (webtiles) character file.

Game seed: 13999737168639164379

5425 sizableburger the Spear-Bearer (level 10, -5/91 HPs)
             Began as a Naga Abyssal Knight on Jan 10, 2023.
             Was an Elder of Lugonu.
             Slain by a wolf spider zombie (13 damage)
             ... on level 8 of the Dungeon.
             The game lasted 00:20:22 (10361 turns).

sizableburger the Spear-Bearer (NaAK)              Turns: 10361, Time: 00:20:23

Health: -5/91      AC: 15    Str: 24    XL:     10   Next: 67%
Magic:  10/14      EV:  6    Int: 13    God:    Lugonu [****..]
Gold:   424        SH:  0    Dex: 11    Spells: 10/12 levels left

rFire   . . .      SeeInvis +   m - +4 halberd (freeze)
rCold   . . .      Faith    .   (shield currently unavailable)
rNeg    . . .      Spirit   .   g - +0 ring mail
rPois   +          Reflect  .   (no helmet)
rElec   .          Harm     .   v - +0 cloak
rCorr   .          Rampage  .   (no gloves)
Will    +....                   y - +2 barding
Stlth   +.........              (no amulet)
HPRegen 0.25/turn               b - +4 ring of slaying
MPRegen 0.14/turn               h - +6 ring of strength

@: studying Throwing, very slow
A: AC +3, large, see invisible, deformed body, poison resistance, slowness 2,
spit poison 1, naga tail 1
a: Spit Poison, Renounce Religion, Depart the Abyss, Bend Space, Banish, Corrupt


You were on level 8 of the Dungeon.
You worshipped Lugonu.
Lugonu was greatly pleased with you.
You visited 1 branch of the dungeon, and saw 8 of its levels.
You visited the Abyss 1 time.
You also visited: Sewer.

You collected 424 gold pieces.

Inventory:

Hand Weapons
 m - a +4 halberd of freezing (weapon)
 A - a +1 spear of flaming
 B - a +0 trident
Missiles
 d - 4 atropa-tipped darts
 x - 8 boomerangs
Armour
 e - a +0 plate armour
 g - a +0 ring mail (worn)
 v - a +0 cloak (worn)
 y - a +2 barding (worn)
Jewellery
 b - a +4 ring of slaying (left hand)
 h - a +6 ring of strength (right hand)
 j - a +6 ring of intelligence
 C - a +6 ring of strength
 D - a ring of wizardry
Wands
 o - a wand of flame (55)
Scrolls
 p - a scroll of summoning
 r - 2 scrolls of teleportation
 s - a scroll of torment
 t - a scroll of identify
 u - a scroll of brand weapon {unknown}
Potions
 a - a potion of degeneration
 c - 3 potions of brilliance
 f - 2 potions of magic
 i - 4 potions of mutation {unknown}
 k - 2 potions of lignification
 l - a potion of berserk rage {unknown}
 n - a potion of might {unknown}
 q - 2 potions of haste
 z - a potion of resistance


   Skills:
 - Level 6.0 Fighting
 + Level 10.9 Polearms
 - Level 1.4 Throwing
 - Level 5.7 Armour
 - Level 0.7 Dodging
 - Level 1.5 Spellcasting
 - Level 6.2 Poison Magic
 - Level 6.0 Invocations


You had 10 spell levels left.
You knew the following spells:

 Your Spells              Type           Power      Damage    Failure   Level
a - Poisonous Vapours     Pois/Air       18%        N/A       16%         2

Your spell library contained the following spells:

 Spells                   Type           Power      Damage    Failure   Level
 Sting                    Tmut/Pois      36%        1d4       11%         1
 Olgreb's Toxic Radiance  Pois           17%        N/A       28%         4
 Apportation              Tloc           2%         N/A       36%         1
 Ensorcelled Hibernation  Hex/Ice        2%         N/A       52%         2
 Passwall                 Tmut/Erth      0%         N/A       52%         2
 Sublimation of Blood     Necr           1%         N/A       52%         2
 Call Canine Familiar     Summ           1%         N/A       75%         3
 Confusing Touch          Hex            1%         N/A       75%         3
 Ozocubu's Armour         Ice            1%         N/A       75%         3
 Portal Projectile        Hex/Tloc       2%         N/A       75%         3
 Swiftness                Air            1%         N/A       75%         3
 Corpse Rot               Necr/Pois/Air  6%         N/A       86%         4
 Alistair's Intoxication  Tmut/Pois      6%         N/A       96%         5
 Leda's Liquefaction      Hex/Erth       0%         N/A       98%         4
 Petrify                  Tmut/Erth      1%         N/A       98%         4
 Irradiate                Conj/Tmut      0%         3d11      100%        5
 Yara's Violent Unravell  Hex/Tmut       0%         3d3       100%        5
 Enfeeble                 Hex            0%         N/A       100%        7
 Ozocubu's Refrigeration  Ice            0%         4d7       100%        7


Dungeon Overview and Level Annotations

Branches:
Dungeon (8/15)             Temple (0/1) D:4           Sewer (visited)
   Lair: D:8-11

Altars:
Ashenzari
Cheibriados
Dithmenos
Elyvilon
Hepliaklqana
Makhleb
Okawaru
Ru
Yredelemnul
Zin

Shops:
D:5 *


Innate Abilities, Weirdness & Mutations

Your serpentine skin is tough. (AC +3)
You have supernaturally acute eyesight. (SInv)
Armour fits poorly on your strangely shaped body.
Your system is resistant to poisons. (rPois)
You cover ground very slowly.
You can spit poison.
You have a snake-like lower body.


Message History

The wolf spider zombie bites you but does no damage.
You slice the wolf spider zombie!! You freeze the wolf spider zombie.
The wolf spider zombie is heavily damaged.
The wolf spider zombie hits you but does no damage.
The wolf spider zombie bites you but does no damage.
You barely miss the wolf spider zombie.
The wolf spider zombie is heavily damaged.
The wolf spider zombie hits you but does no damage.
The wolf spider zombie bites you but does no damage.
You barely miss the wolf spider zombie.
The wolf spider zombie is heavily damaged.
The wolf spider zombie hits you but does no damage.
The wolf spider zombie bites you. The wolf spider zombie hits you.
The wolf spider zombie bites you but does no damage.
You hit the wolf spider zombie.
The wolf spider zombie is heavily damaged.
The wolf spider zombie hits you!
The wolf spider zombie completely misses you.
You slash the wolf spider zombie!
The wolf spider zombie is severely damaged.
The wolf spider zombie hits you!
* * * LOW HITPOINT WARNING * * *
The wolf spider zombie closely misses you.
You hit the wolf spider zombie.
The wolf spider zombie is severely damaged.
The wolf spider zombie hits you!
* * * LOW HITPOINT WARNING * * *
The wolf spider zombie bites you but does no damage.
Okay, then.
Okay, then.
Press: ? - help, Shift-Dir - straight line, f - wolf spider zombie
Aim: a wolf spider zombie (severely damaged, chance to affect: 86%)
You fail to use your ability.
The wolf spider zombie hits you.
* * * LOW HITPOINT WARNING * * *
The wolf spider zombie bites you but does no damage.
Unknown command.
Press: ? - help, Shift-Dir - straight line, f/p - wolf spider zombie
Aim: a wolf spider zombie (severely damaged, chance to affect: 86%)
The wolf spider zombie barely resists.
The wolf spider zombie hits you!
You die...

...##....#
.#.##....# ...
.#.##....# ...
.#.##....# #.# ..
.#.##....#.#.# ..
.....#####.#.#
###. ~P...# #.#.#
#.. ~♣...# #.#.#
#Z# ~♣...# #.#.#
#@# ~....# #.#.#
#.#
.....#####'#.###.#
...........).....#
.....####.......##
..#..........#
####.#.##.).....#
.....#.##.).....#
.......##.......#


You could see a wolf spider zombie.

Vanquished Creatures
  3 centaur zombies (D:8)
  A centaur skeleton (D:8)
  2 hellwings (D:8)
  A shadow (D:7)
  A steam dragon (D:8)
  Menkaure (D:5)
  3 water moccasins (D:6)
  A black bear (D:5)
  An orc warrior (D:7)
  5 centaurs
  A kobold brigand (D:8)
  Blork the orc (D:5)
  3 necrophages
  4 bullfrogs
  3 scorpions (D:5)
  3 wights (D:6)
  2 hounds (D:5)
  2 jellies
  2 orc priests
  Terence (D:2)
  8 iguanas
  5 orc wizards
  4 gnolls
  14 adders
  A river rat (D:3)
  A shadow imp (D:8)
  2 white imps
  An ufetubus (D:7)
  2 worms
  4 dart slugs
  24 orcs
  9 endoplasms
  13 giant cockroaches
  6 hobgoblins
  3 jackals (D:4)
  12 kobolds
  10 quokkas
  7 ball pythons
  5 bats
  13 frilled lizards
  9 goblins
  12 rats
206 creatures vanquished.

Vanquished Creatures (collateral kills)
  3 wights (D:7)
3 creatures vanquished.

Vanquished Creatures (others)
  9 withered plants (D:8)
9 creatures vanquished.

Grand Total: 218 creatures vanquished

Notes
Turn   | Place    | Note
-------+----------+-------------------------------------------
     0 | Abyss:1  | sizableburger the Naga Abyssal Knight began the quest for
                  | the Orb.
     0 | Abyss:1  | Reached XP level 1. HP: 21/21 MP: 2/2
     1 | D:1      | Escaped the Abyss
    53 | D:1      | Reached XP level 2. HP: 28/28 MP: 3/3
   577 | D:1      | Reached *** piety under Lugonu
   768 | D:1      | Reached XP level 3. HP: 34/34 MP: 4/4
  1062 | D:2      | Noticed Terence
  1070 | D:2      | Killed Terence
  1071 | D:2      | Reached skill level 3 in Polearms
  1071 | D:2      | Reached XP level 4. HP: 20/44 MP: 5/5
  1531 | D:2      | Found a sacrificial altar of Ru.
  2172 | D:3      | Found a burning altar of Makhleb.
  2274 | D:3      | Reached XP level 5. HP: 38/50 MP: 6/6
  2284 | D:3      | Found a glowing drain.
  2301 | Sewer    | Entered a sewer
  2382 | Sewer    | Reached skill level 4 in Polearms
  2405 | Sewer    | Reached **** piety under Lugonu
  2806 | Sewer    | Reached XP level 6. HP: 24/57 MP: 8/8
  3045 | Sewer    | Learned a level 2 spell: Poisonous Vapours
  3446 | D:3      | Reached skill level 5 in Polearms
  3645 | D:4      | Reached skill level 1 in Poison Magic
  3842 | D:4      | Identified the +8 rapier of the Dwarven Hall {freeze,
                  | *Corrode rC++ rN+}
  3934 | D:4      | You fall into a shaft and drop 1 floor!
  3934 | D:5      | Entered Level 5 of the Dungeon
  3964 | D:5      | Reached XP level 7. HP: 46/64 MP: 10/10
  4121 | D:5      | Found a glowing silver altar of Zin.
  4152 | D:5      | Reached skill level 5 in Invocations
  4770 | D:5      | Reached skill level 5 in Poison Magic
  4770 | D:5      | Reached XP level 8. HP: 34/73 MP: 12/12
  4978 | D:5      | Found Nisch's General Store.
  4991 | D:5      | Noticed a yak
  4998 | D:5      | Banished a yak
  5049 | D:5      | Reached skill level 5 in Fighting
  5317 | D:5      | Noticed Menkaure
  5321 | D:5      | Killed Menkaure
  5640 | D:4      | Reached skill level 6 in Polearms
  5640 | D:4      | Reached skill level 1 in Throwing
  6050 | D:4      | Found a staircase to the Ecumenical Temple.
  6105 | D:4      | Reached skill level 1 in Spellcasting
  6327 | D:5      | Noticed Blork the orc
  6532 | D:5      | Killed Blork the orc
  7027 | D:6      | Reached XP level 9. HP: 67/82 MP: 13/13
  7309 | D:6      | Found a hazy altar of Hepliaklqana.
  7310 | D:6      | Found a white marble altar of Elyvilon.
  7310 | D:6      | Found a basalt altar of Yredelemnul.
  7310 | D:6      | Found a snail-covered altar of Cheibriados.
  7312 | D:6      | Found a shadowy altar of Dithmenos.
  7802 | D:6      | Reached skill level 7 in Polearms
  8661 | D:7      | Found an iron altar of Okawaru.
  8765 | D:7      | Found a sacrificial altar of Ru.
  8831 | D:7      | Reached skill level 8 in Polearms
  9289 | D:7      | Found a broken altar of Ashenzari.
  9344 | D:7      | Reached skill level 5 in Armour
  9684 | D:8      | Reached XP level 10. HP: 13/91 MP: 7/14
 10050 | D:8      | Reached skill level 9 in Polearms
 10332 | D:8      | Reached skill level 10 in Polearms
 10361 | D:8      | Slain by a wolf spider zombie

Illustrated notes

Levels and vault maps discovered:
D:1:      sevenhm_arrival_forest_fort_small_4, layout_rooms
D:2:      layout_loops_corners, basic_altar, minivault_27, uniq_terence
D:3:      kennysheep_big_flooded_room, layout_basic, lemuel_round_altar,
          gup_sewer_entry_bowl, hex_tiny
D:4:      dreamdust_elfheim, layout_gridville, temple_hall, serial_rivers,
          chequers_serial_rivers_micro_d, chequers_serial_rivers_room_a,
          chequers_serial_rivers_room_a, chequers_serial_rivers_large_a
D:5:      layout_loops_ring, mainiacjoe_overflow_alcove_1, serial_shops, shop,
          minmay_manual_monstrance, uniq_menkaure, uniq_blork_the_orc
D:6:      layout_basic, minitemple, grunt_ministairs_14
D:7:      layout_loops_ring, lemuel_round_altar, nicolae_ru_awakened_eye,
          kennysheep_okawaru_gauntlet, chequers_arboretum, serial_park_tiny_pond
D:8:      cheibrodos_grave_circle, layout_basic, serial_shops,
          kennysheep_mini_moat, serial_bayou_pond_d, uniq_gastronok, uniq_maggie

Skill      XL: |  1  2  3  4  5  6  7  8  9 10 |
---------------+-------------------------------+-----
Fighting       | 4 5 6 |  6.0
Polearms       | 3 4 5 6 8 10 | 10.9
Invocations    | 3 4 6 |  6.0
Poison Magic   | 2 5 6 |  6.2
Throwing       | 1 |  1.4
Spellcasting   | 1 |  1.5
Armour         | 2 5 |  5.7
Dodging        | |  0.7

Action                   |  1- 3 |  4- 6 |  7- 9 | 10-12 || total
-------------------------+-------+-------+-------+-------++-------
Melee: Spear             |    90 |   203 |   267 |       ||   560
       Punch             |     2 |       |     3 |       ||     5
       Halberd           |       |       |    14 |    84 ||    98
 Cast: Poisonous Vapours |       |       |     9 |       ||     9
Invok: Banish            |       |       |     7 |     1 ||     8
       Bend Space        |       |       |     1 |       ||     1
 Abil: Spit Poison       |     5 |     4 |    11 |     1 ||    21
Evoke: Wand              |       |       |     4 |       ||     4
  Use: Potion            |     1 |       |     4 |     1 ||     6
       Scroll            |       |       |    18 |     1 ||    19
Armor: Leather armour    |     7 |       |       |       ||     7
       Ring mail         |    10 |    64 |   103 |    86 ||   263
Dodge: Dodged            |    35 |    54 |    79 |    26 ||   194
